 Dungeon Crawl Stone Soup version 0.30-a0-187-gd9c2deaf24 (webtiles) character file.

Game seed: 13929506593095340750

3213 freelancePsychic the Nimble (level 9, -6/55 HPs)
             Began as a Deep Elf Hexslinger on Oct 3, 2022.
             Was a Believer of Trog.
             Mangled by an orc warlord
             ... wielding a +4 broad axe
              (20 damage)
             ... in a bailey.
             The game lasted 00:13:13 (6062 turns).

freelancePsychic the Nimble (Deep Elf Hexslinger)   Turns: 6062, Time: 00:13:14

Health: -6/55      AC: 10    Str:  7    XL:     9   Next: 65%
Magic:  13/13      EV: 15    Int: 19    God:    Trog [**....]
Gold:   209        SH: 10    Dex: 19    Spells: 10/11 levels left

rFire   + + .      SeeInvis .    b - +3 falchion "Axzycaot" {vorpal, rF++}
rCold   . . .      Faith    .    v - +0 kite shield
rNeg    . . .      Spirit   .    h - +0 leather armour
rPois   .          Reflect  .    k - +2 hat
rElec   .          Harm     .    G - +0 cloak
rCorr   .          Rampage  .    (no gloves)
Will    +++..                    (no boots)
Stlth   +++.......               i - amulet of magic regeneration
HPRegen 1.29/turn                t - +4 ring of protection
MPRegen 0.53/turn                y - ring of willpower

@: strong-willed, on berserk cooldown, regenerating
A: no striking features
a: Renounce Religion, Berserk, Trog's Hand


You were in a bailey.
You worshipped Trog.
Trog was pleased with you.
You visited 1 branch of the dungeon, and saw 7 of its levels.
You also visited: Bailey.

You collected 293 gold pieces.
You spent 84 gold pieces at shops.

Inventory:

Hand Weapons
 a - a +1 sling
 b - the +3 falchion "Axzycaot" (weapon) {vorpal, rF++}
   (You found it on level 4 of the Dungeon)

   It inflicts extra damage upon your enemies.
   rF:        It greatly protects you from fire.
 D - a +1 long sword
Armour
 c - a +0 robe
 h - a +0 leather armour (worn)
 k - a +2 hat (worn)
 v - a +0 kite shield (worn)
 G - a +0 cloak (worn)
Jewellery
 i - an amulet of magic regeneration (around neck)
 t - a +4 ring of protection (left hand)
 y - a ring of willpower (right hand)
Wands
 E - a wand of flame (10)
Scrolls
 e - 2 scrolls of fog
 f - a scroll of noise {unknown}
 j - 4 scrolls of teleportation {@r4}
 l - a scroll of torment {unknown}
 m - 2 scrolls of vulnerability
 n - 3 scrolls of enchant weapon
 r - 3 scrolls of poison
 u - a scroll of blinking {unknown}
 A - a scroll of enchant armour
 F - a scroll of identify {@r1}
Potions
 d - 2 potions of cancellation {unknown}
 g - 2 potions of might
 o - a potion of attraction
 q - 4 potions of brilliance
 s - 2 potions of mutation {unknown}
 w - 2 potions of curing {unknown}
 x - 2 potions of haste {@q3}
 z - a potion of ambrosia {unknown}
 B - a potion of heal wounds {unknown}
 C - 2 potions of lignification {unknown}
 H - a potion of flight {unknown}


   Skills:
 + Level 5.7 Fighting
 + Level 6.2 Long Blades
 - Level 3.4 Ranged Weapons
 - Level 9.1 Dodging
 - Level 5.0 Stealth
 + Level 3.2 Shields
 - Level 1.5 Spellcasting
 - Level 4.0 Hexes


You had 10 spell levels left.
You knew the following spells:

 Your Spells              Type           Power      Damage    Failure   Level
a - Slow                  Hex            64%        N/A       16%         1

Your spell library contained the following spells:

 Spells                   Type           Power      Damage    Failure   Level
 Ensorcelled Hibernation  Hex/Ice        18%        N/A       50%         2
 Inner Flame              Hex/Fire       9%         N/A       73%         3
 Portal Projectile        Hex/Tloc       18%        N/A       73%         3
 Cause Fear               Hex            8%         N/A       85%         4
 Spider Form              Tmut/Pois      1%         N/A       94%         3
 Anguish                  Hex/Necr       4%         N/A       98%         4


Dungeon Overview and Level Annotations

Branches:
Dungeon (7/15)             Temple (0/1) D:5          Bailey (1/1)

Altars:
Ashenzari
Sif Muna
Trog

Shops:
D:3 ?

Annotations:
D:6 Blork the orc


Message History

The orc warlord looks as sick as possible!
Aiming: Throw Flame
Press: ? - help, Shift-Dir - straight line, f - orc warlord
Aim: an orc warlord, wielding a +4 broad axe and wearing a +0 chain mail (poison gas, heavily wounded, extremely poisoned, 77% to hit)
The puff of flame hits the orc warlord.
The orc warlord is severely wounded.
The orc warlord is engulfed in poison gas.
The orc warlord looks as sick as possible!
Aiming: Throw Flame
Press: ? - help, Shift-Dir - straight line, f/p - orc warlord
Aim: an orc warlord, wielding a +4 broad axe and wearing a +0 chain mail (severely wounded, extremely poisoned, 77% to hit)
The puff of flame hits the orc warlord.
The orc warlord is severely wounded.
Aiming: Throw Flame
Press: ? - help, Shift-Dir - straight line, f/p - orc warlord
Aim: an orc warlord, wielding a +4 broad axe and wearing a +0 chain mail (severely wounded, extremely poisoned, 77% to hit)
The puff of flame hits the orc warlord but does no damage.
The orc warlord is severely wounded.
An orc comes into view. It is wielding a +0 hand axe.
The orc shouts!
You hit the orc warlord but do no damage.
The orc warlord is severely wounded.
You hear a shout!
You block the orc warlord's attack.
You hit the orc warlord but do no damage.
The orc warlord is almost dead.
You block the orc warlord's attack.
You hit the orc warlord.
The orc warlord is almost dead.
The orc warlord hits you with a +4 broad axe!
Your skin crawls.
You feel strong-willed. You block the orc warlord's attack.
You hit the orc warlord but do no damage.
The orc warlord is almost dead.
The orc warlord hits you with a +4 broad axe!!
Ouch! That really hurt!
* * * LOW HITPOINT WARNING * * *
The orc warlord hits you with a +4 broad axe!!
You die...

.........#.......#.........#
#.......##.....o.##.......##
.'.........'.......#
##.........##.....##
#.....⌠.....#######
#.........## #.........#
##.)...oo## #.))...@#
##..∩..## #######


You could see an orc warlord (very poisoned), an orc warrior (strong) and an orc
(strong).

Vanquished Creatures
  Pikel (D:4)
  Grinder (D:6)
  Sigmund (D:6)
  3 water moccasins
  6 orc warriors (Bailey)
  A black bear (D:7)
  An ice beast (D:5)
  A sky beast (D:6)
  2 ogres
  3 bullfrogs
  A gnoll sergeant (D:6)
  3 killer bees (D:7)
  3 hounds
  2 jellies
  3 iguanas (D:5)
  3 orc wizards
  20 gnolls
  6 adders
  A shadow imp (D:6)
  3 worms
  4 dart slugs
  17 orcs
  9 ball pythons
  3 bats
  3 endoplasms
  3 giant cockroaches
  13 goblins
  13 hobgoblins
  2 jackals (D:2)
  3 quokkas
  2 frilled lizards (D:1)
  12 kobolds
  4 rats
153 creatures vanquished.

Vanquished Creatures (collateral kills)
  A hound (D:5)
  4 gnolls (D:5)
5 creatures vanquished.

Grand Total: 158 creatures vanquished

Notes
Turn   | Place    | Note
-------+----------+-------------------------------------------
     0 | D:1      | freelancePsychic the Deep Elf Hexslinger began the quest
                  | for the Orb.
     0 | D:1      | Reached XP level 1. HP: 11/11 MP: 5/5
    24 | D:1      | Reached skill level 1 in Stealth
    93 | D:1      | Reached XP level 2. HP: 16/16 MP: 6/6
   584 | D:1      | Found a faded altar of an unknown god.
   664 | D:1      | Prayed at the altar of an unknown god.
   664 | D:1      | Became a worshipper of Trog the Wrathful
   664 | D:1      | Reached * piety under Trog
   912 | D:1      | Reached XP level 3. HP: 20/20 MP: 7/7
  1489 | D:3      | Reached ** piety under Trog
  1681 | D:3      | Reached skill level 1 in Fighting
  1681 | D:3      | Reached skill level 1 in Long Blades
  1681 | D:3      | Reached XP level 4. HP: 6/25 MP: 8/8
  2034 | D:3      | Found Kerphuasa's Magic Scroll Shoppe.
  2057 | D:3      | Bought a scroll of identify for 24 gold pieces
  2057 | D:3      | Bought a scroll of identify for 24 gold pieces
  2057 | D:3      | Bought a scroll of teleportation for 36 gold pieces
  2090 | D:3      | Reached XP level 5. HP: 29/29 MP: 9/9
  2416 | D:4      | Identified the +3 falchion "Axzycaot" {vorpal, rF++}
  2434 | D:4      | Noticed a lemure
  2481 | D:4      | Noticed Pikel
  2481 | D:4      | Noticed a lemure
  2481 | D:4      | Noticed a lemure
  2481 | D:4      | Noticed a lemure
  2497 | D:3      | Reached skill level 5 in Stealth
  2587 | D:4      | Killed Pikel
  2588 | D:4      | Reached skill level 5 in Dodging
  2588 | D:4      | Reached XP level 6. HP: 36/36 MP: 10/10
  2588 | D:4      | Reached XP level 7. HP: 40/40 MP: 11/11
  2991 | D:4      | Reached skill level 6 in Dodging
  3080 | D:5      | Entered Level 5 of the Dungeon
  3325 | D:5      | Reached skill level 7 in Dodging
  3325 | D:5      | Reached XP level 8. HP: 21/46 MP: 12/12
  3470 | D:5      | Found a staircase to the Ecumenical Temple.
  3801 | D:5      | Found a shimmering blue altar of Sif Muna.
  3826 | D:5      | Found a broken altar of Ashenzari.
  4245 | D:6      | Noticed Sigmund
  4424 | D:6      | Reached skill level 8 in Dodging
  4574 | D:6      | Noticed Grinder
  4589 | D:6      | Paralysed by Grinder for 4 turns
  4597 | D:6      | Killed Grinder
  4678 | D:6      | Reached skill level 9 in Dodging
  4894 | D:6      | Reached skill level 5 in Long Blades
  4894 | D:6      | Reached XP level 9. HP: 52/52 MP: 13/13
  4912 | D:6      | Noticed Blork the orc
  5320 | D:6      | Killed Sigmund
  5321 | D:6      | Reached skill level 1 in Shields
  5518 | D:7      | Reached skill level 5 in Fighting
  5523 | D:7      | Found a flagged portal.
  5568 | D:7      | Identified the +1 hand axe "Evunnib" {vorpal, Will+ Str+3}
  5608 | Bailey   | Entered a bailey
  6039 | Bailey   | Noticed an orc warlord
  6062 | Bailey   | Mangled by an orc warlord

Illustrated notes

Levels and vault maps discovered:
D:1:      lightli_arrival_flooded_house, layout_loops_ring,
          dreamdust_ecumenical_altar_hidden_monk_grotto, fountainhead
D:2:      layout_basic, hangedman_abyss_or_decor_stabs
D:3:      layout_loops_ring, serial_shops,
          nicolae_shop_competitors_out_of_business
D:4:      layout_rooms, lightli_corner_chamber, uniq_pikel
D:5:      layout_cave_pods, mainiacjoe_overflow_big_doors,
          minmay_temple_entry_trees, nicolae_elevator_lobby_plus
D:6:      layout_basic, uniq_blork_the_orc, uniq_grinder, uniq_sigmund
D:7:      layout_cave_pools, nicolae_ru_great_annihilating_truth,
          enter_bailey_2, minmay_liquid_box, uniq_menkaure, uniq_maggie,
          uniq_joseph
Bailey:   bailey_axe_minmay_hex_keep, bailey

Skill      XL: |  1  2  3  4  5  6  7  8  9 |
---------------+----------------------------+-----
Stealth        | 1 3 4 5 |  5.0
Ranged Weapons | 3 |  3.4
Fighting       | 1 2 3 4 5 |  5.7
Long Blades    | 1 2 3 5 6 |  6.2
Dodging        | 5 7 9 |  9.1
Shields        | 3 |  3.2
Spellcasting   | |  1.5
Hexes          | |  4.0

Action                   |  1- 3 |  4- 6 |  7- 9 || total
-------------------------+-------+-------+-------++-------
Melee: Dagger            |     2 |    40 |       ||    42
       Punch             |       |     2 |     4 ||     6
       Falchion          |       |    16 |   326 ||   342
 Fire: Sling             |   154 |    40 |     3 ||   197
 Cast: Slow              |     1 |       |       ||     1
Invok: Berserk           |     1 |     4 |    13 ||    18
       Trog's Hand       |       |     1 |     6 ||     7
Evoke: Wand              |       |       |     6 ||     6
  Use: Scroll            |       |     2 |    13 ||    15
       Potion            |       |       |     2 ||     2
 Stab: Sleeping          |       |       |     6 ||     6
Armor: Robe              |     4 |       |       ||     4
       Leather armour    |    22 |    26 |    88 ||   136
Dodge: Dodged            |    48 |    47 |   200 ||   295
Block: Kite shield       |       |       |    94 ||    94

Table legend: (Time is in decaauts)
 A = Elapsed time spent in this place.
 B = Non-inter-level travel time spent in this place.
 C = Inter-level travel time spent in this place.
 D = Time resting spent in this place.
 E = Time spent auto-exploring this place.
 F = Levels seen in this place.
 G = Mean time per level.
                   A        B        C        D        E       F      G
               +--------+--------+--------+--------+--------+-----+--------+
         Total |   6319 |   5900 |    419 |    693 |   3711 |   8 |  789.9 |
       Dungeon |   5812 |   5393 |    419 |    533 |   3656 |   7 |  830.3 |
        Bailey |    506 |    506 |      0 |    159 |     55 |   1 |  506.0 |
               +--------+--------+--------+--------+--------+-----+--------+

Top non-repeatable levels by time:
     D:6: 1278 daAuts
     D:5: 1138 daAuts
     D:3: 1114 daAuts
     D:1: 967 daAuts
     D:4: 643 daAuts
  Bailey: 506 daAuts
     D:2: 478 daAuts
     D:7: 191 daAuts
